cohdb
Replays
Latest Replays
All Replays
Popular Replays
Top Player Replays
Match Explorer
How It Works
Community
CoH3 Stats
Reddit
Sign in to upload your games and track your stats! →
Sign in with Steam
Match 44010571
Unlisted
Match 44010571
Overview
Messages
Build Orders
End
Engineer Squad
Construct Weapon Support Center
Selects Advanced Infantry Battlegroup
M1919 Machine Gun Team
Bazooka Squad
M1919 Machine Gun Team
Engineer Squad
Infantry Support Center
Construct Medical Station
M3 Armored Personnel Carrier
M3 Armored Personnel Carrier
Selects Ammunition Storage
Engineer Squad
Mortar Pit
Construct Tank Depot
.30 cal Machine Gun
M1919 Machine Gun Team
Ashuin
PiffaWiff
Fupped
Fireday
_Boxxxx1_
Xeravex
MageGreen & Frechersack Prime
BANdivMDFXHK
0
0
Comments
sign in to comment!
No comments posted yet!